 Dungeon Crawl Stone Soup version 0.28.0-1-gb440e238dd (webtiles) character file.

Game seed: 2000198492039369699

140 spaghetti the Ruffian (level 5, -1/61 HPs)
             Began as a Demonspawn Berserker on Feb 22, 2022.
             Was a Believer of Trog.
             Slain by Grinder (2 damage)
             ... on level 3 of the Dungeon.
             The game lasted 00:03:13 (3110 turns).

spaghetti the Ruffian (Demonspawn Berserker)        Turns: 3110, Time: 00:03:15

Health: -1/61      AC:  2    Str: 18 (19) XL:     5   Next: 2%
Magic:  5/5        EV:  9    Int:  7 (9)  God:    Trog [**....]
Gold:   139        SH:  0    Dex:  9 (12) Spells: 4/4 levels left

rFire   . . .      SeeInvis .     - Unarmed
rCold   . . .      Faith    .   (no shield)
rNeg    . . .      Spirit   .   a - +0 animal skin
rPois   .          Reflect  .   (no helmet)
rElec   .          Harm     .   (no cloak)
rCorr   .          Rampage  .   (no gloves)
Will    ++...                   (no boots)
Stlth   ..........              (no amulet)
HPRegen 1.20/turn               (no ring)
MPRegen 0.18/turn               (no ring)

@: berserking, strong-willed, regenerating, constricted, very quick
A: foul stench 2, magic regeneration
a: Renounce Religion, Berserk, Trog's Hand


You were on level 3 of the Dungeon.
You worshipped Trog.
Trog was pleased with you.
You visited 1 branch of the dungeon, and saw 3 of its levels.

You collected 139 gold pieces.

Inventory:

Hand Weapons
 i - a +0 hunting sling
Missiles
 d - 112 stones (quivered)
 k - 3 poisoned darts
Armour
 a - a +0 animal skin (worn)
Jewellery
 c - a ring of fire
 h - an amulet of the acrobat
Scrolls
 b - a scroll of blinking {unknown}
 e - 8 scrolls of identify {unknown}
 f - a scroll of enchant armour {unknown}
 j - a scroll of amnesia {unknown}
 n - a scroll of noise {unknown}
Potions
 g - a potion of might
 l - a potion of attraction {unknown}
 m - a potion of magic {unknown}


   Skills:
 + Level 3.3 Fighting
 - Level 1.7 Armour
 - Level 1.7 Dodging
 + Level 5.0 Unarmed Combat


You had 4 spell levels left.
You didn't know any spells.
Your spell library was empty.

Dungeon Overview and Level Annotations

Branches:
Dungeon (3/15)

Altars:
Fedhas
Sif Muna

Shops:
D:2 ?

Annotations:
D:3 Grinder


Innate Abilities, Weirdness & Mutations

You sometimes emit foul miasma when damaged in melee.
You regenerate magic rapidly.


Message History

Unknown command.
Your skin crawls.
You feel strong-willed. The ball python misses you. The ball python grabs you.
The ball python constricts you. Grinder hits you.
A red film seems to cover your vision as you go berserk!
You feel yourself moving faster!
You feel mighty! The ball python bites you. The ball python constricts you.
Grinder hits you!
* * * LOW HITPOINT WARNING * * *
You writhe in agony.
* * * LOW HITPOINT WARNING * * *
The ball python bites you but does no damage.
The ball python constricts you.
You punch Grinder!
Grinder is heavily wounded.
You closely miss Grinder.
Grinder is heavily wounded.
The ball python barely misses you. The ball python constricts you.
* * * LOW HITPOINT WARNING * * *
Grinder hits you.
* * * LOW HITPOINT WARNING * * *
You hit Grinder but do no damage.
Grinder is heavily wounded.
The ball python barely misses you. The ball python constricts you.
Grinder hits you.
* * * LOW HITPOINT WARNING * * *
You writhe in agony.
* * * LOW HITPOINT WARNING * * *
You emit a cloud of foul miasma!
Unknown command.
Unknown command.
You closely miss Grinder.
Grinder is heavily wounded.
You closely miss Grinder.
Grinder is heavily wounded.
The ball python barely misses you. The ball python constricts you.
Grinder hits you.
* * * LOW HITPOINT WARNING * * *
You writhe in agony.
You die...

# .# ..# .. # ##.#
#.###S..# ## ## #.#.@5#
.. ...#.#.### #.# .
#.#.#...## #.# .........#
#.###.
...#.....####........ ##
#...............##....##.
#.........###.#..........
.........)###.##.........
#.............##.##......


You could see Grinder and a ball python.

Vanquished Creatures
  An orc priest (D:3)
  2 adders
  2 worms (D:2)
  5 orcs (D:3)
  7 bats
  7 endoplasms
  4 giant cockroaches
  4 goblins (D:3)
  6 hobgoblins
  4 jackals (D:3)
  5 quokkas
  12 ball pythons
  6 frilled lizards
  4 kobolds
  7 rats
76 creatures vanquished.

Notes
Turn   | Place    | Note
-------+----------+-------------------------------------------
     0 | D:1      | spaghetti the Demonspawn Berserker began the quest for the
                  | Orb.
     0 | D:1      | Reached XP level 1. HP: 18/18 MP: 1/1
    84 | D:1      | Reached skill level 3 in Unarmed Combat
   167 | D:1      | Gained mutation: You may rarely emit foul miasma when
                  | damaged in melee. [demonic ancestry]
   167 | D:1      | Reached XP level 2. HP: 13/24 MP: 2/2
   755 | D:1      | Reached ** piety under Trog
  1173 | D:2      | Gained mutation: You sometimes emit foul miasma when
                  | damaged in melee. [demonic ancestry]
  1173 | D:2      | Reached XP level 3. HP: 22/29 MP: 3/3
  1507 | D:2      | Reached skill level 4 in Unarmed Combat
  1611 | D:2      | Found a shimmering blue altar of Sif Muna.
  1686 | D:2      | Found Ceycs's Magic Scroll Shoppe.
  2100 | D:3      | Found a blossoming altar of Fedhas.
  2112 | D:3      | Reached XP level 4. HP: 26/35 MP: 4/4
  2431 | D:3      | Reached skill level 5 in Unarmed Combat
  2972 | D:3      | Gained mutation: You regenerate magic rapidly. [demonic
                  | ancestry]
  2972 | D:3      | Reached XP level 5. HP: 37/41 MP: 5/5
  3016 | D:3      | Reached *** piety under Trog
  3096 | D:3      | Noticed Grinder
  3110 | D:3      | HP: 1/61 [Grinder (4)]
  3110 | D:3      | Slain by Grinder

Illustrated notes

Levels and vault maps discovered:
D:1:      dpeg_arrival_tiny_a, layout_rooms,
          wander_ebering_terrifying_dragon_lair
D:2:      layout_rooms, basic_altar, serial_shops, nicolae_shop_trees,
          grunt_ministairs_3
D:3:      minmay_thinvault, layout_rooms, mainiacjoe_overflow_small_starburst,
          amcnicky_altar_gilded, portal_sewer_entry_e,
          nicolae_figureground_pulse, uniq_grinder

Skill      XL: |  1  2  3  4 |
---------------+-------------+-----
Unarmed Combat | 3 4 5 |  5.0
Fighting       | |  3.3
Armour         | |  1.7
Dodging        | |  1.7

Action                   |  1- 3 |  4- 6 || total
-------------------------+-------+-------++-------
Melee: Unarmed           |   137 |    74 ||   211
       Punch             |     2 |       ||     2
Throw: Stone             |     5 |       ||     5
Invok: Berserk           |     2 |     2 ||     4
       Trog's Hand       |     1 |     2 ||     3
  Use: Potion            |       |     1 ||     1
 Stab: Distracted        |     1 |       ||     1
       Sleeping          |     1 |       ||     1
Armor: Animal skin       |    22 |     9 ||    31
Dodge: Dodged            |    92 |    40 ||   132
